PAAA
NAPERVILLE BATTLEKINGS @ FLORIDA MEN
08/07/2022
 
TOP OF THE 1ST
Naperville Battlekings batting - Pitching for Florida Men : RHP Jim Unknown
Pitching: RHP Jim Unknown
Batting: RHB Scott Peterson 0-0: Called Strike
0-1: SINGLE (Line Drive, 3D)
Batting: RHB Tony Sánchez 0-0: Called Strike
0-1: Ball
1-1: Ball
2-1: Ball
Scott Peterson steals 2nd base
3-1: Ground out 4-3 (Groundball, 4)
Scott Peterson to third
Batting: RHB Joe Ferneyhough 0-0: Foul Ball, location: 2F
0-1: Swinging Strike
0-2: Foul Ball, location: 2F
0-2: Foul Ball, location: 2F
0-2: Ball
1-2: Foul Ball, location: 2F
1-2: SINGLE (Groundball, 34D)
Scott Peterson scores
Batting: RHB Pedro González 0-0: Ball
1-0: Ball
2-0: Foul Ball, location: 2F
2-1: Ball
3-1: Called Strike
3-2: Strikes out swinging
Joe Ferneyhough steals 2nd base
Batter strikes out.
Batting: RHB Sal Haynes 0-0: Ball
1-0: Ball
2-0: Called Strike
2-1: Foul Ball, location: 2F
2-2: Strikes out swinging
Top of the 1st over - 1 run(s), 2 hit(s), 0 error(s), 1 left on base; Naperville 1 - Florida 0
BOTTOM OF THE 1ST
Florida Men batting - Pitching for Naperville Battlekings : RHP William Peck
Pitching: RHP William Peck
Batting: RHB Albert Morales 0-0: Ball
1-0: Fly out, F9 (Flyball, 9LD)
Batting: RHB Won-min Yi 0-0: Called Strike
0-1: Ball
1-1: Ball
2-1: Ball
3-1: DOUBLE (Line Drive, 5D)
Batting: RHB Carlos Rodríguez 0-0: Ball
1-0: Ball
2-0: Called Strike
2-1: Ball
3-1: Fly out, F4 (Popup, 4MD)
Batting: RHB Jim Unknown 0-0: Swinging Strike
0-1: Ball
1-1: Swinging Strike
1-2: Foul Ball, location: 2F
1-2: Ball
2-2: Strikes out swinging
Bottom of the 1st over - 0 run(s), 1 hit(s), 0 error(s), 1 left on base; Naperville 1 - Florida 0
TOP OF THE 2ND
Naperville Battlekings batting - Pitching for Florida Men : RHP Jim Unknown
Batting: RHB Carlos Gómez 0-0: Ground out 6-3 (Groundball, 6)
Batting: RHB Kevin Tyler 0-0: Called Strike
0-1: Ball
1-1: Ball
2-1: Swinging Strike
2-2: Strikes out looking
Batting: RHB Tim Little 0-0: Ball
1-0: Called Strike
1-1: Ground out 1-3 (Groundball, 13S)
Top of the 2nd over - 0 run(s), 0 hit(s), 0 error(s), 0 left on base; Naperville 1 - Florida 0
BOTTOM OF THE 2ND
Florida Men batting - Pitching for Naperville Battlekings : RHP William Peck
Batting: RHB Frank Collins 0-0: Called Strike
0-1: Ball
1-1: Ground out 6-3 (Groundball, 6)
Batting: LHB Jim Unknown 0-0: Foul Ball, location: 2F
0-1: Foul Ball, location: 2F
0-2: Ball
1-2: Ball
2-2: Ball
3-2: Base on Balls
Batting: LHB Mito Rin 0-0: Called Strike
0-1: Fly out, F6 (Popup, 7LS)
Batting: RHB Dave Knight 0-0: Ball
1-0: Ball
Wild Pitch!
Jim Unknown to second
2-0: Called Strike
2-1: Ball
3-1: Ground out 5-3 (Groundball, 56)
Bottom of the 2nd over - 0 run(s), 0 hit(s), 0 error(s), 1 left on base; Naperville 1 - Florida 0
TOP OF THE 3RD
Naperville Battlekings batting - Pitching for Florida Men : RHP Jim Unknown
Batting: LHB Alfonso Martínez 0-0: Called Strike
0-1: Ball
1-1: Ball
2-1: Called Strike
2-2: Strikes out swinging
Batting: RHB Scott Peterson 0-0: Ball
1-0: Called Strike
1-1: Swinging Strike
1-2: Ball
2-2: Strikes out swinging
Batting: RHB Tony Sánchez 0-0: Ball
1-0: Called Strike
1-1: Foul Ball, location: 2F
1-2: SINGLE (Line Drive, 9S)
Batting: RHB Joe Ferneyhough 0-0: Called Strike
0-1: Called Strike
0-2: Ball
1-2: Foul Ball, location: 2F
1-2: Foul Ball, location: 2F
1-2: SINGLE (Groundball, 56D)
Tony Sánchez to second
Batting: RHB Pedro González 0-0: Ball
1-0: Swinging Strike
1-1: Ball
2-1: Ball
3-1: Called Strike
3-2: Foul Ball, location: 2F
3-2: Foul Ball, location: 2F
3-2: Strikes out looking
Top of the 3rd over - 0 run(s), 2 hit(s), 0 error(s), 2 left on base; Naperville 1 - Florida 0
BOTTOM OF THE 3RD
Florida Men batting - Pitching for Naperville Battlekings : RHP William Peck
Batting: RHB Seon-keun Kim 0-0: Ball
1-0: Ball
2-0: Called Strike
2-1: Ball
3-1: Called Strike
3-2: Fly out, F8 (Popup, 8LS)
Batting: RHB Albert Morales 0-0: Ball
1-0: Ball
2-0: Ball
3-0: Base on Balls
Batting: RHB Won-min Yi 0-0: Called Strike
0-1: Foul Ball, location: 2F
0-2: Ball
1-2: Foul Ball, location: 2F
1-2: Strikes out swinging
Batting: RHB Carlos Rodríguez 0-0: Ball
1-0: Ball
2-0: Ball
3-0: Called Strike
3-1: Base on Balls
Albert Morales to second
Batting: RHB Jim Unknown 0-0: Swinging Strike
0-1: Ball
1-1: Ball
2-1: Foul Ball, location: 2F
2-2: SINGLE (Line Drive, 4M)
Albert Morales to third
Carlos Rodríguez to second
Runner from 3rd tries for Home, SAFE, no throw or cutoff
Batting: RHB Frank Collins 0-0: Foul Ball, location: 2F
0-1: Foul Ball, location: 2F
0-2: Ball
1-2: Fly out, F4 (Popup, 4MD)
Bottom of the 3rd over - 1 run(s), 1 hit(s), 0 error(s), 2 left on base; Naperville 1 - Florida 1
TOP OF THE 4TH
Naperville Battlekings batting - Pitching for Florida Men : RHP Jim Unknown
Batting: RHB Sal Haynes 0-0: Ball
1-0: Called Strike
1-1: Ball
2-1: Foul Ball, location: 2F
2-2: Strikes out looking
Batting: RHB Carlos Gómez 0-0: Ball
1-0: Called Strike
1-1: Ground out 6-3 (Groundball, 6)
Batting: RHB Kevin Tyler 0-0: Called Strike
0-1: Ball
1-1: Ball
2-1: Foul Ball, location: 2F
2-2: Ball
3-2: Ground out 5-3 (Groundball, 5S)
Top of the 4th over - 0 run(s), 0 hit(s), 0 error(s), 0 left on base; Naperville 1 - Florida 1
BOTTOM OF THE 4TH
Florida Men batting - Pitching for Naperville Battlekings : RHP William Peck
Batting: LHB Jim Unknown 0-0: Ball
1-0: Ground out 6-3 (Groundball, 6MS)
Batting: LHB Mito Rin 0-0: SINGLE (Groundball, 3D)
Batting: RHB Dave Knight 0-0: Fly out, F3 (Popup, 3F)
Batting: RHB Seon-keun Kim 0-0: Ball
1-0: SINGLE (Groundball, 56D)
Mito Rin to second
Batting: RHB Albert Morales 0-0: Fly out, F9 (Flyball, 89D)
Bottom of the 4th over - 0 run(s), 2 hit(s), 0 error(s), 2 left on base; Naperville 1 - Florida 1
TOP OF THE 5TH
Naperville Battlekings batting - Pitching for Florida Men : RHP Jim Unknown
Batting: RHB Tim Little 0-0: Ball
1-0: Called Strike
1-1: Ball
2-1: Foul Ball, location: 2F
2-2: Ball
3-2: Foul Ball, location: 2F
3-2: Foul Ball, location: 2F
3-2: Foul Ball, location: 2F
3-2: SINGLE (Flyball, 89S)
Batting: LHB Alfonso Martínez 0-0: Ball
1-0: Bunt - Flyout! F1
Batting: RHB Scott Peterson 0-0: Ball
1-0: Ball
2-0: Foul Ball, location: 2F
2-1: Ball
3-1: Foul Ball, location: 2F
3-2: Fielders Choice at 2nd, 4-6 (Groundball, 4)
Batting: RHB Tony Sánchez 0-0: Ball
Throwing error on steal attempt, E2
Scott Peterson to third
1-0: Swinging Strike
1-1: Foul Ball, location: 2F
1-2: Ball
2-2: Fly out, F5 (Popup, 25F)
Top of the 5th over - 0 run(s), 1 hit(s), 1 error(s), 1 left on base; Naperville 1 - Florida 1
BOTTOM OF THE 5TH
Florida Men batting - Pitching for Naperville Battlekings : RHP William Peck
Batting: RHB Won-min Yi 0-0: Ball
1-0: Ground out 5-3 (Groundball, 5)
Batting: RHB Carlos Rodríguez 0-0: Called Strike
0-1: SINGLE (Groundball, 6MD)
Batting: RHB Jim Unknown 0-0: Called Strike
0-1: Swinging Strike
0-2: Ground out 4-3 (Groundball, 4S)
Carlos Rodríguez to second
Batting: RHB Frank Collins 0-0: Called Strike
0-1: Ball
1-1: Ball
2-1: Foul Ball, location: 2F
2-2: Ball
3-2: Foul Ball, location: 2F
3-2: Strikes out swinging
Bottom of the 5th over - 0 run(s), 1 hit(s), 0 error(s), 1 left on base; Naperville 1 - Florida 1
TOP OF THE 6TH
Naperville Battlekings batting - Pitching for Florida Men : RHP Jim Unknown
Batting: RHB Joe Ferneyhough 0-0: Ground out 4-3 (Groundball, 4M)
Batting: RHB Pedro González 0-0: Ball
1-0: Fly out, F4 (Popup, 4MD)
Batting: RHB Sal Haynes 0-0: Called Strike
0-1: Swinging Strike
0-2: Ball
1-2: Fly out, F9 (Flyball, 9M)
Top of the 6th over - 0 run(s), 0 hit(s), 0 error(s), 0 left on base; Naperville 1 - Florida 1
BOTTOM OF THE 6TH
Florida Men batting - Pitching for Naperville Battlekings : RHP William Peck
Batting: LHB Jim Unknown 0-0: Ball
1-0: Foul Ball, location: 2F
1-1: Ball
2-1: SINGLE (Flyball, 7S)
Batting: LHB Mito Rin 0-0: Ball
1-0: Bunted foul
1-1: Bunted foul
1-2: Grounds into double play, 1-6-3 (Groundball, 13)
Batting: RHB Dave Knight 0-0: Ball
1-0: Ball
2-0: Swinging Strike
2-1: SINGLE (Groundball, 5L)
Batting: RHB Seon-keun Kim 0-0: DOUBLE (Line Drive, 89D)
Dave Knight to third
Batting: RHB Albert Morales 0-0: Called Strike
0-1: Ball
1-1: Ball
2-1: Fly out, F8 (Flyball, 8LXD)
Bottom of the 6th over - 0 run(s), 3 hit(s), 0 error(s), 2 left on base; Naperville 1 - Florida 1
TOP OF THE 7TH
Naperville Battlekings batting - Pitching for Florida Men : RHP Jim Unknown
Pinch Hitting: LHB Jim Unknown 0-0: Ball
1-0: Called Strike
1-1: Fly out, F5 (Popup, 4S)
Pinch Hitting: LHB Cristo Ramírez 0-0: Foul Ball, location: 2F
0-1: Ball
1-1: Called Strike
1-2: SINGLE (Flyball, 7S)
Pitching: RHP Jim Unknown
Pinch Hitting: RHB Earnest Veeck 0-0: Ball
1-0: Ball
2-0: Called Strike
2-1: Foul Ball, location: 2F
2-2: Strikes out swinging
Pinch Hitting: SHB Daryl Lloyd 0-0: Fly out, F7 (Flyball, 78M)
Top of the 7th over - 0 run(s), 1 hit(s), 0 error(s), 1 left on base; Naperville 1 - Florida 1
BOTTOM OF THE 7TH
Florida Men batting - Pitching for Naperville Battlekings : RHP William Peck
Now at 1B: Jim Unknown
Now at 3B: Jack Mason
Now in LF: Cristo Ramírez
Now in CF: Daryl Lloyd
Batting: RHB Won-min Yi 0-0: Called Strike
0-1: Called Strike
0-2: Ball
1-2: Fly out, F6 (Popup, 6M)
Batting: RHB Carlos Rodríguez 0-0: Ball
1-0: Swinging Strike
1-1: Ball
2-1: Ball
3-1: SINGLE (Groundball, 5D)
Pitching: LHP Jason Puckett
Batting: RHB Jim Unknown 0-0: Called Strike
0-1: Ball
Wild Pitch!
Carlos Rodríguez to second
1-1: Intentional Walk
Batting: RHB Frank Collins 0-0: Ball
1-0: Swinging Strike
1-1: Ball
2-1: Swinging Strike
2-2: Ball
3-2: Strikes out swinging
Batting: LHB Jim Unknown 0-0: Ball
1-0: Swinging Strike
1-1: Foul Ball, location: 2F
1-2: SINGLE (Groundball, 4M)
Carlos Rodríguez to third
Jim Unknown to second
Batting: LHB Mito Rin 0-0: Ball
Passed Ball!
Carlos Rodríguez scores
Jim Unknown to third
Jim Unknown to second
1-0: Ball
2-0: Called Strike
2-1: Called Strike
2-2: Foul Ball, location: 2F
2-2: Reached on error, E5 (Groundball, 5S)
Jim Unknown scores
Jim Unknown to third
Batting: RHB Dave Knight 0-0: Foul Ball, location: 2F
0-1: Ball
1-1: Ball
2-1: Foul Ball, location: 2F
2-2: DOUBLE (Flyball, 7LM)
Jim Unknown scores
Mito Rin to third
Batting: RHB Seon-keun Kim 0-0: Ball
1-0: Ball
2-0: Swinging Strike
2-1: Ground out 5-3 (Groundball, 56)
Bottom of the 7th over - 3 run(s), 3 hit(s), 1 error(s), 2 left on base; Naperville 1 - Florida 4
TOP OF THE 8TH
Naperville Battlekings batting - Pitching for Florida Men : RHP Jim Unknown
Batting: RHB Scott Peterson 0-0: Ball
1-0: Called Strike
1-1: Foul Ball, location: 2F
1-2: Ball
2-2: Fly out, F6 (Popup, 5D)
Batting: RHB Tony Sánchez 0-0: Ball
1-0: Foul Ball, location: 2F
1-1: Ball
2-1: Ball
3-1: Swinging Strike
3-2: Foul Ball, location: 2F
3-2: Strikes out looking
Batting: RHB Joe Ferneyhough 0-0: Ball
1-0: Foul Ball, location: 2F
1-1: Hit by Pitch
Pitching: RHP Jim Unknown
Batting: RHB Pedro González 0-0: Ball
1-0: Swinging Strike
1-1: Foul Ball, location: 2F
1-2: Ball
2-2: Ground out 6-3 (Groundball, 6)
Top of the 8th over - 0 run(s), 0 hit(s), 0 error(s), 1 left on base; Naperville 1 - Florida 4
BOTTOM OF THE 8TH
Florida Men batting - Pitching for Naperville Battlekings : LHP Jason Puckett
Batting: RHB Albert Morales 0-0: Ball
1-0: Called Strike
1-1: SOLO HOME RUN (Flyball, 78XD), Distance : 404 ft
Batting: RHB Won-min Yi 0-0: Ball
1-0: Foul Ball, location: 2F
1-1: Ball
2-1: Foul Ball, location: 2F
2-2: Strikes out swinging
Batting: RHB Carlos Rodríguez 0-0: Foul Ball, location: 2F
0-1: Ball
1-1: Ball
2-1: Foul Ball, location: 2F
2-2: SOLO HOME RUN (Flyball, 7D), Distance : 392 ft
Pitching: RHP William Taylor
Batting: RHB Jim Unknown 0-0: Fly out, F7 (Flyball, 78D)
Batting: RHB Frank Collins 0-0: SINGLE (Groundball, 5D)
Batting: LHB Jim Unknown 0-0: Called Strike
0-1: Ball
1-1: Foul Ball, location: 2F
1-2: Ball
2-2: Foul Ball, location: 2F
2-2: Foul Ball, location: 2F
2-2: Ground out 4-3 (Groundball, 4)
Bottom of the 8th over - 2 run(s), 3 hit(s), 0 error(s), 1 left on base; Naperville 1 - Florida 6
TOP OF THE 9TH
Naperville Battlekings batting - Pitching for Florida Men : RHP Jim Unknown
Pitching: RHP Jim Unknown
Batting: RHB Sal Haynes 0-0: Hit by Pitch
Batting: LHB Jim Unknown 0-0: Ball
1-0: Foul Ball, location: 2F
1-1: Ball
2-1: Foul Ball, location: 2F
2-2: Fielders Choice at 2nd, 1-6 (Groundball, 15)
Batting: LHB Cristo Ramírez 0-0: Foul Ball, location: 2F
0-1: Foul Ball, location: 2F
0-2: Ball
1-2: SINGLE (Line Drive, 9LS)
Jim Unknown to second
Batting: LHB Jack Mason 0-0: Ball
1-0: Fly out, F9 (Flyball, 9M)
Batting: SHB Daryl Lloyd 0-0: Swinging Strike
0-1: Ball
1-1: Foul Ball, location: 2F
1-2: Strikes out swinging
Top of the 9th over - 0 run(s), 1 hit(s), 0 error(s), 2 left on base; Naperville 1 - Florida 6
This league is powered by Out of the Park Baseball, the baseball management simulation game for PC, Mac and Linux
Friday, April 15th, 2016 - OOTP Baseball 16.9 Build 39